 Dungeon Crawl Stone Soup version 0.14.2 (webtiles) character file.

418 Amnesiac the Charlatan (level 5, 0/25 HPs)
             Began as a Spriggan Artificer on Feb 4, 2018.
             Killed from afar by a hobgoblin (8 damage)
             ... with a wand of frost
             ... on Level 3 of the Dungeon.
             The game lasted 00:04:14 (2862 turns).

Amnesiac the Charlatan (Spriggan Artificer)         Turns: 2862, Time: 00:04:14

HP   0/25        AC  9     Str  7      XL: 5   Next: 92%
MP  14/14        EV 19     Int 14      God:
Gold 162         SH  0     Dex 17      Spells:  0 memorised,  4 levels left

rFire  . . .     SeeInvis +     a - +0 short sword
rCold  . . .     Clarity  .     e - +0 robe
rNeg   . . .     Conserve .     (shield restricted)
rPois  .         rCorr    .     (helmet restricted)
rElec  .         rRot     .     v - +0 cloak
SustAb . .       Spirit   .     (gloves unavailable)
rMut   .         Warding  .     (boots unavailable)
Saprov . . .     Stasis   +     h - amulet of stasis {unknown}
MR     .....                    n - +6 ring of protection
                                A - ring of regeneration

@: very quick, not resistant to hostile enchantments, fairly stealthy
A: unfitting armour, see invisible, herbivore 3, speed 3, slow metabolism 2
a: no special abilities


You were on level 3 of the Dungeon.
You were full.

You visited 1 branch of the dungeon, and saw 3 of its levels.

You collected 162 gold pieces.

Inventory:

Hand weapons
 a - a +0,+0 short sword (weapon)
 y - a +2,+1 crossbow of flame
Missiles
 k - 44 darts (quivered)
Armour
 e - a +0 robe (worn)
 v - a +0 cloak (worn)
Magical devices
 b - a wand of flame (9)
 c - a wand of enslavement (15)
 d - a wand of random effects (11)
 w - a wand of fireball (0)
Comestibles
 p - a bread ration
Scrolls
 i - a scroll of amnesia {!r, unknown}
 j - 4 scrolls of remove curse {!r}
 r - a scroll of blinking {!r, unknown}
 s - 2 scrolls of identify {!r, unknown}
 t - 2 scrolls of enchant weapon II {!r, unknown}
 x - 2 scrolls of teleportation {!r, unknown}
 B - 2 scrolls of fear {!r, unknown}
 C - a scroll of enchant armour {!r, unknown}
Jewellery
 g - an uncursed ring of hunger
 h - an amulet of stasis (around neck) {unknown}
 l - a +2 ring of intelligence
 n - a +6 ring of protection (right hand)
 A - a ring of regeneration (left hand)
Potions
 m - 2 potions of agility {!q, unknown}
 o - 4 potions of curing {!q, unknown}
 q - a potion of haste {!q, unknown}
 u - a potion of poison {!q, unknown}
 z - a potion of heal wounds {!q, unknown}
 D - a potion of degeneration {!q, unknown}
 E - a potion of lignification {!q, unknown}
Books
 f - a book of Power

   Spells                             Type                      Level
   Fulminant Prism                    Conjuration/Hexes            4
   Iskenderun's Mystic Blast          Conjuration                  4
   Venom Bolt                         Conjuration/Poison           5
   Bolt of Magma                      Conjuration/Fire/Earth       5
   Iron Shot                          Conjuration/Earth            6
   Orb of Destruction                 Conjuration                  7


   Skills:
 - Level 1.0 Fighting
 - Level 5.0 Short Blades
 + Level 4.3 Dodging
 - Level 1.5 Stealth
 * Level 5.7 Evocations


You had 4 spell levels left.
You didn't know any spells.

Dungeon Overview and Level Annotations

Branches:
Dungeon (3/15)

Altars:
Vehumet


Innate Abilities, Weirdness & Mutations

You are tiny and cannot use many weapons and most armour.
You have supernaturally acute eyesight.
You are a herbivore.
You cover ground extremely quickly.
You need consume almost no food.


Message History

The adder barely misses you.
You barely miss the adder.
The adder is severely wounded.
The adder barely misses you.
You miss the adder.
The adder is severely wounded.
You feel sick. The adder closely misses you.
You hit the adder.
You kill the adder!
You see here an adder corpse.
No target in view!
No target in view!
HP restored.
You feel sick.
You see here an adder corpse.
HP restored.
You feel sick.
You are no longer poisoned.
HP restored.
Key pressed, stopping explore.
No target in view!
o - 5 black potions {!q} (gained 1)
Found a radiant altar of Vehumet.
No target in view!
You now have 162 gold pieces (gained 8).
A hobgoblin comes into view.
Found a scroll labeled GROEGE COSS.
A hobgoblin is nearby!
The hobgoblin shouts!
The hobgoblin zaps a wand.
The puff of frost hits you!
One of your 5 black potions {!q} freezes and shatters!
A hobgoblin is nearby!
The hobgoblin zaps a wand.
The puff of frost misses you.
A hobgoblin is nearby!
Found 13 arrows.
A bat comes into view.
The hobgoblin zaps a wand.
The puff of frost misses you.
You hit the bat.
You kill the bat!
The hobgoblin zaps a wand.
The puff of frost hits you!
* * * LOW HITPOINT WARNING * * *
The hobgoblin zaps a wand.
The puff of frost hits you!
* * * LOW HITPOINT WARNING * * *
You hit the hobgoblin but do no damage. The hobgoblin hits you.
* * * LOW HITPOINT WARNING * * *
You are too injured to fight recklessly!
Unknown command.
Unknown command.
Evoke which item? (* to show all) (? for menu, Esc to quit)
Okay, then.
The hobgoblin misses you.
Evoke which item? (* to show all) (? for menu, Esc to quit)
Zapping:
b - a wand of flame (11)
Press: ? - help, Shift-Dir - straight line, f - hobgoblin
Aim: a hobgoblin carrying a wand of frost {zapped: 5} The puff of flame misses the hobgoblin.
This wand has 10 charges left.
The hobgoblin misses you.
Evoke which item? (* to show all) (? for menu, Esc to quit)
Zapping:
b - a wand of flame (10)
Press: ? - help, Shift-Dir - straight line, f/p - hobgoblin
Aim: a hobgoblin carrying a wand of frost {zapped: 5} The puff of flame misses the hobgoblin.
This wand has 9 charges left.
The hobgoblin zaps a wand.
The puff of frost hits you!
You die...

### # . ......# #. #.#
#.############
#.##..##............#
#.............#####.#
#...#...##...# #.#
#.......###.## #.#
#.#._.#.###.######.#
##...@..............##
#...g#...###.#####....
#(.......# #.# #..##
#...##..## #.# #..# ###.
#.## #.# #..## #. #.#
#.#####....
####.##.#####.##.......
?.......................
##.#.#.######.##.##..#.


You could see a hobgoblin.

Vanquished Creatures
  Crazy Yiuf (D:2)
  Ijyb (D:2)
  9 adders
  6 gnolls (D:3)
  A giant gecko (D:1)
  An ooze (D:2)
  12 orcs (D:3)
  4 giant cockroaches
  7 goblins
  5 hobgoblins
  8 kobolds
  5 bats
  4 giant newts
  2 rats
66 creatures vanquished.

Vanquished Creatures (collateral kills)
  A gnoll (D:3)
1 creature vanquished.

Grand Total: 67 creatures vanquished

Notes
Turn   | Place    | Note
--------------------------------------------------------------
     0 | D:1      | Amnesiac, the Spriggan Artificer, began the quest for the Orb.
     0 | D:1      | Reached XP level 1. HP: 9/9 MP: 2/2
    46 | D:1      | Reached skill level 1 in Fighting
   503 | D:1      | Reached XP level 2. HP: 14/14 MP: 5/5
  1075 | D:2      | Reached XP level 3. HP: 16/18 MP: 8/8
  1364 | D:2      | Noticed Ijyb
  1396 | D:2      | Killed Ijyb
  1396 | D:2      | Reached XP level 4. HP: 17/22 MP: 10/10
  1659 | D:2      | Noticed Crazy Yiuf
  1663 | D:2      | Killed Crazy Yiuf
  2006 | D:2      | Reached skill level 5 in Short Blades
  2142 | D:3      | Reached XP level 5. HP: 12/25 MP: 13/13
  2530 | D:3      | Reached skill level 5 in Evocations
  2802 | D:3      | Found a radiant altar of Vehumet.
  2862 | D:3      | Killed from afar by a hobgoblin

Action                   |  1- 3 |  4- 6 || total
-------------------------+-------+-------++-------
Melee: Short sword       |   139 |   172 ||   311
Evoke: Wand              |     3 |    11 ||    14
  Use: Potion            |     1 |       ||     1
       Scroll            |       |     1 ||     1
 Stab: Sleeping          |     9 |     5 ||    14
